 Dungeon Crawl Stone Soup version 0.31.0-11-ge490571c62 (webtiles) character file.

Game seed: 4396297008013743301

1526 Aneyh the Fighter (level 8, -1/53 HPs)
             Began as a Tengu Monk on Feb 10, 2024.
             Was a Priest of Hepliaklqana.
             Succumbed to Eustachio's poison
             ... on level 6 of the Dungeon.
             The game lasted 00:08:55 (5195 turns).

Aneyh the Fighter (Tengu Monk)                      Turns: 5195, Time: 00:08:55

Health: -1/53      AC:  4    Str: 20    XL:     8   Next: 85%
Magic:  24/24      EV: 32    Int: 10    God:    Hepliaklqana [***...]
Gold:   354        SH:  0    Dex: 17    Spells: 7/7 levels left

rFire   . . .        a - +0 spear
rCold   . . .        (no shield)
rNeg    . . .        p - +0 leather armour
rPois   .            (helmet restricted)
rElec   .            (no cloak)
rCorr   .            o - +0 pair of gloves
SInv    .            (boots unavailable)
Will    .....        l
                       - Hermit's Pendant {Faith Invo=14 Evo=0 MP+5}
Stlth   +            k - +6 ring of strength
HPRegen 0.28/turn    (no ring)
MPRegen 0.19/turn

%: acrobat, faith
@: lethally poisoned (-1 -> -7), acrobatic, flying
A: reduced essence, beak, talons 3, evasive flight, acrobatic
a: Renounce Religion, Recall Ancestor, Ancestor Identity, Transference


You were on level 6 of the Dungeon.
You worshipped Hepliaklqana.
Hepliaklqana was most pleased with you.
You visited 2 branches of the dungeon, and saw 7 of its levels.

You collected 354 gold pieces.

Inventory:

Hand Weapons
 a - a +0 spear (weapon)
Missiles
 w - 3 javelins (quivered)
Armour
 b - a +0 robe
 d - an orb of light
 h - a +1 robe of willpower
 o - a +0 pair of gloves (worn)
 p - a +0 leather armour (worn)
Jewellery
 k - a +6 ring of strength (left hand)
 l - the Hermit's Pendant (around neck) {Faith Invo=14 Evo=0 MP+5}
   (You took it off a hobgoblin on level 2 of the Dungeon)

   [amulet of faith]

   Invo=14: It sets your Invocations skill to 14.
   Evo=0: It sets your Evocations skill to 0.
   Faith:     It allows you to gain divine favour quickly.
   MP+5:      It affects your magic capacity (+5).
 x - an amulet of magic regeneration
 y - a +6 ring of dexterity
 A - a +4 ring of protection
Wands
 u - a wand of mindburst (19)
 v - a wand of charming (4)
Scrolls
 f - 3 scrolls of brand weapon {unknown}
 g - 11 scrolls of identify {unknown}
 i - 3 scrolls of blinking {unknown}
 n - a scroll of poison {unknown}
 q - 2 scrolls of enchant armour {unknown}
 r - 3 scrolls of noise {unknown}
 s - a scroll of teleportation {unknown}
 t - a scroll of fog {unknown}
 B - a scroll of immolation {unknown}
 C - a scroll of revelation {unknown}
Potions
 c - a potion of ambrosia
 e - 3 potions of heal wounds {unknown}
 j - 3 potions of lignification {unknown}
 m - a potion of resistance {unknown}
 z - a potion of mutation {unknown}


   Skills:
 + Level 10.6 Fighting
 - Level 5.0 Polearms
 - Level 3.3 Dodging


You had 7 spell levels left.
You didn't know any spells.
Your spell library contained the following spells:

 Spells                   Type           Power      Damage    Failure   Level
 Magic Dart               Conj           0%         1d3       41%         1
 Searing Ray              Conj           0%         2d4       56%         2
 Fulminant Prism          Conj/Alch      0%         3d5       99%         4


Dungeon Overview and Level Annotations

Branches:
Dungeon (6/15)             Temple (1/1) D:4

Altars:
Cheibriados
Dithmenos
Fedhas
Gozag
Hepliaklqana
Kikubaaqudgha
Nemelex Xobeh
Okawaru
Qazlal
Ru
Trog
Uskayaw
Wu Jian
Xom
Yredelemnul
The Shining One

Shops:
D:1 [

Annotations:
D:3 1 runed translucent door, Silvore's ghost, amateur DsFi


Innate Abilities, Weirdness & Mutations

Your life essence is reduced to manifest your ancestor. (-10% HP)
You have a beak for a mouth.
You have claws for feet.
Your magical flight helps you evade attacks. (EV +4)
You can magically evade attacks while moving or waiting.


Message History

Pain shoots through your body!
* * * LOW HITPOINT WARNING * * *
The bat completely misses you. The shadow imp misses you. The bat misses you.
The bat closely misses Nhalahla.
You closely miss Eustachio.
Eustachio is severely wounded.
The shadow imp disappears in a puff of smoke!
The bat closely misses you.
The bat hits Nhalahla but does no damage.
Nhalahla hits the bat with a +0 flail.
The bat dies!
The bat's corpse disappears in a puff of smoke!
Eustachio barely misses you. The rat bites you but does no damage.
You miss Eustachio. Your kick misses Eustachio.
Eustachio is severely wounded.
The bat completely misses you. Eustachio completely misses you.
The river rat barely misses you. The rat bites you.
* * * LOW HITPOINT WARNING * * *
The bat barely misses you.
Nhalahla hits the river rat with a +0 flail!
The river rat dies!
The river rat's corpse disappears in a puff of smoke!
You hit Eustachio. You claw Eustachio. You peck Eustachio.
Eustachio is almost dead.
The bat misses you.
Eustachio hits you with a +0 rapier of venom.
* * * LOW HITPOINT WARNING * * *
You are lethally poisoned!
The rat bites you but does no damage.
You barely miss Eustachio. You claw Eustachio.
You kill Eustachio!
The rat disappears in a puff of smoke!
The bat disappears in a puff of smoke!
* * * LOW HITPOINT WARNING * * *
You feel very sick.
You feel your dexterity returning.
* * * LOW HITPOINT WARNING * * *
You feel sick.
Things that are here:
a +0 rapier of venom; a +0 leather armour; the human corpse of Eustachio You die...

..# ####.##8.8## ..#
#...##.....## ..#
#..##8.....8## ..#
#.##.........## ###
#.#8.........8##
#.'...........'. #######
#.#8.........8#.
.......###.##.........##
..........@.##8.....8##
.........)...##.....##
.........R....##8.8##
.......ยง.......##'###.#
###...................#
#......................
###########'#..........
#.#.......#..
#.#..###.## .


You could see the friendly Nhalahla the knight.

Vanquished Creatures
  Eustachio (D:6)
  3 water moccasins
  An ogre (D:5)
  A phantom (D:5)
  A kobold brigand (D:4)
  A bombardier beetle (D:5)
  3 hounds (D:5)
  2 iguanas (D:5)
  An orc wizard (D:5)
  7 adders
  3 white imps
  A dart slug (D:1)
  4 ribbon worms
  4 orcs
  5 ball pythons
  10 endoplasms
  14 giant cockroaches
  7 goblins
  11 hobgoblins
  2 jackals (D:5)
  15 kobolds
  4 quokkas
  7 bats
  4 frilled lizards
  9 rats
121 creatures vanquished.

Vanquished Creatures (collateral kills)
  An ice beast (D:5)
  An ogre (D:5)
  A centaur (D:6)
  A bullfrog (D:6)
  A scorpion (D:5)
  A hound (D:5)
  An iguana (D:5)
  An orc wizard (D:5)
  A shadow imp (D:5)
  An orc (D:5)
10 creatures vanquished.

Grand Total: 131 creatures vanquished

Notes
Turn   | Place    | Note
-------+----------+-------------------------------------------
     0 | D:1      | Aneyh the Tengu Monk began the quest for the Orb.
     0 | D:1      | Reached XP level 1. HP: 14/14 MP: 2/2
   126 | D:1      | Reached XP level 2. HP: 19/19 MP: 3/3
   281 | D:1      | Reached XP level 3. HP: 22/23 MP: 4/4
   304 | D:1      | Found Comios's Armour Shoppe.
   766 | D:2      | Reached skill level 5 in Polearms
   770 | D:2      | Reached XP level 4. HP: 16/28 MP: 5/5
  1547 | D:2      | Reached skill level 4 in Fighting
  1767 | D:3      | Found a glowing golden altar of the Shining One.
  1779 | D:3      | Reached XP level 5. HP: 30/33 MP: 15/15
  1801 | D:3      | Found a shimmering altar of Xom.
  1820 | D:3      | Found a runed translucent door.
  1820 | D:3      | Noticed Silvore's ghost (amateur DsFi)
  1848 | D:3      | Found a faded altar of an unknown god.
  2284 | D:4      | Noticed a kobold brigand
  2298 | D:4      | Killed a kobold brigand
  2299 | D:4      | Reached skill level 5 in Fighting
  2927 | D:4      | Found a stormy altar of Qazlal.
  3002 | D:4      | Reached XP level 6. HP: 40/40 MP: 17/17
  3095 | D:4      | Found a staircase to the Ecumenical Temple.
  3406 | D:4      | Noticed a water moccasin
  3437 | D:4      | Killed a water moccasin
  3438 | D:4      | Reached skill level 6 in Fighting
  3510 | Temple   | Entered the Ecumenical Temple
  3544 | Temple   | Became a worshipper of Hepliaklqana the Forgotten
  3544 | Temple   | Reached * piety under Hepliaklqana
  3544 | Temple   | Reached ** piety under Hepliaklqana
  3625 | D:5      | Entered Level 5 of the Dungeon
  3633 | D:5      | Remembered your ancestor Nhalahla as a knight
  3701 | D:5      | Gained mutation: Your magical flight helps you evade
                  | attacks. (EV +4) [Tengu growth]
  3701 | D:5      | Reached XP level 7. HP: 42/42 MP: 18/18
  3744 | D:5      | Reached skill level 7 in Fighting
  3851 | D:5      | Reached skill level 8 in Fighting
  4037 | D:5      | Reached XP level 8. HP: 43/49 MP: 19/19
  4231 | D:5      | Reached skill level 9 in Fighting
  4610 | D:5      | Reached *** piety under Hepliaklqana
  4977 | D:6      | Reached skill level 10 in Fighting
  5150 | D:6      | Noticed Eustachio
  5193 | D:6      | Killed Eustachio
  5194 | D:6      | HP: 1/53 [poisoned by Eustachio]
  5195 | D:6      | Succumbed to Eustachio's poison

Illustrated notes

Levels and vault maps discovered:
D:1:      sevenhm_arrival_forest_fort_large_2, layout_basic, serial_shops,
          nicolae_shop_rolling_square, hangedman_decor_clover_reticule
D:2:      minmay_roachtagon, layout_rooms
D:3:      layout_rooms, mainiacjoe_overflow_small_starburst, xom_butterflies,
          hellmonk_ecumenical_altar_pennies_from_heaven,
          hellmonk_ghost_happy_afterlife
D:4:      cheibrodos_thug_alley, layout_gridville,
          nicolae_qazlal_eye_of_the_storm, minmay_temple_entry_poolview,
          nicolae_zig_zag_zippers
D:5:      minmay_angry_zag, layout_layer_cave, chequers_ossuary_entry_cave
D:6:      lemuel_ice_spiral_2, layout_basic, serial_shops, shop,
          dk_noncrumbling_4, uniq_eustachio
Temple:   nicolae_temple_figure_eight

Skill      XL: |  1  2  3  4  5  6  7  8 |
---------------+-------------------------+-----
Polearms       | 4 5 |  5.0
Fighting       | 4 5 6 8 10 | 10.6
Dodging        | |  3.3

Action                     |  1- 3 |  4- 6 |  7- 9 || total
---------------------------+-------+-------+-------++-------
  Melee: Spear             |    87 |   166 |   155 ||   408
         Kick              |    19 |    47 |    37 ||   103
         Peck              |    12 |    20 |    25 ||    57
         Punch             |       |     1 |     2 ||     3
  Throw: Javelin           |       |     4 |       ||     4
 Invoke: Ancestor Life: Kn |       |     1 |       ||     1
   Stab: Sleeping          |     7 |     3 |     4 ||    14
         Distracted        |       |       |     2 ||     2
 Armour: Robe              |    13 |     5 |       ||    18
         Leather armour    |       |    58 |    63 ||   121
  Dodge: Dodged            |    31 |   114 |   138 ||   283
